 Dungeon Crawl Stone Soup version 0.31.0-32-g396128a36d (webtiles) character file.

Game seed: 1917348798806776730

7007 Zeor the Jinx (level 11, -2/50 HPs)
             Began as a Vine Stalker Enchanter on Apr 22, 2024.
             Was a Believer of Wu Jian.
             Shot with an arrow by a centaur warrior (10 damage)
             ... on level 8 of the Dungeon.
             The game lasted 00:32:05 (8323 turns).

Zeor the Jinx (Vine Stalker Enchanter)              Turns: 8323, Time: 00:32:06

Health: -2/50      AC:  8    Str: 18    XL:     11   Next: 8%
Magic:  0/25       EV: 12    Int: 25    God:    Wu Jian [**....]
Gold:   290        SH:  5    Dex: 15    Spells: 17/28 levels left

rFire   + + .        b - +4 short sword (venom)
rCold   + . .        (no shield)
rNeg    . . .        s - +2 leather armour {rC+}
rPois   +            B - +1 helmet
rElec   .            (no cloak)
rCorr   .            (no gloves)
SInv    .            o - +0 pair of boots
Will    .....        u - amulet of reflection
Stlth   ++++         x - ring "Geefru Bara" {rF++ Will- Str+7 Int+6}
HPRegen 1.08/turn    t - ring of poison resistance
MPRegen 0.19/turn

%: reflection, guardian spirit
@: mighty, confusing by touch, invisible
A: fangs 3, regeneration 1, magic shield, antimagic bite, no potion heal 2
a: Renounce Religion, Wall Jump


You were on level 8 of the Dungeon.
You worshipped Wu Jian.
Wu Jian was pleased with you.
You visited 2 branches of the dungeon, and saw 9 of its levels.

You collected 446 gold pieces.
You spent 156 gold pieces at shops.

Inventory:

Hand Weapons
 a - a +2 dagger of draining
 b - a +4 short sword of venom (weapon)
 l - a +1 dagger
Missiles
 f - 8 poisoned darts (quivered)
 A - 2 curare-tipped darts
Armour
 o - a +0 pair of boots (worn)
 q - an orb of wrath
 s - a +2 leather armour of cold resistance (worn)
 y - +0 acid dragon scales
 B - a +1 helmet (worn)
Jewellery
 h - a +4 ring of protection
 r - a ring of fire
 t - a ring of poison resistance (right hand)
 u - an amulet of reflection (around neck)
 x - the ring "Geefru Bara" (left hand) {rF++ Will- Str+7 Int+6}
   (You found it on level 6 of the Dungeon)

   [ring of intelligence]

   Str+7:     It affects your strength (+7).
   Int+6:     It affects your intelligence (+6).
   rF++:      It greatly protects you from fire.
   Will-:     It decreases your willpower.
 z - a +4 ring of protection
Wands
 n - a wand of flame (32)
 v - a wand of roots (35)
 w - a wand of light (12)
Scrolls
 i - 3 scrolls of teleportation
Potions
 c - a potion of invisibility
 d - 3 potions of magic
 g - a potion of mutation
 j - 6 potions of curing
 k - a potion of lignification
 m - 2 potions of brilliance
 p - a potion of attraction
 C - a potion of enlightenment {unknown}


   Skills:
 + Level 2.0 Fighting
 + Level 4.0 Short Blades
 + Level 0.7 Throwing
 + Level 2.5 Armour
 + Level 3.0 Dodging
 + Level 9.5 Stealth
 + Level 2.2 Shields
 * Level 9.0 Spellcasting
 + Level 0.3 Conjurations
 * Level 9.6 Hexes
 + Level 4.2 Ice Magic


You had 17 spell levels left.
You knew the following spells:

 Your Spells              Type           Power      Damage    Failure   Level
c - Confusing Touch       Hex            56%        N/A       1%          3
d - Dazzling Flash        Conj/Hex       72%        N/A       2%          3
h - Ensorcelled Hibernat  Hex/Ice        90%        N/A       1%          2
t - Tukima's Dance        Hex            56%        N/A       1%          3

Your spell library contained the following spells:

 Spells                   Type           Power      Damage    Failure   Level
 Shock                    Conj/Air       48%        1d6       6%          1
 Anguish                  Hex/Necr       17%        N/A       9%          4
 Fugue of the Fallen      Necr           11%        N/A       19%         3
 Swiftness                Air            11%        N/A       19%         3
 Airstrike                Air            5%         2d(1-17)  54%         4


Dungeon Overview and Level Annotations

Branches:
Dungeon (8/15)             Temple (1/1) D:7
   Lair: D:8-11

Altars:
Ashenzari
Cheibriados
Dithmenos
Elyvilon
Fedhas
Gozag
Hepliaklqana
Kikubaaqudgha
Makhleb
Nemelex Xobeh
Okawaru
Qazlal
Ru
Sif Muna
Trog
Uskayaw
Vehumet
Wu Jian
Xom
Yredelemnul
The Shining One

Shops:
D:4 (=   D:5 (

Annotations:
D:6 3 runed translucent doors, imdaedric's ghost, novice FeBe


Innate Abilities, Weirdness & Mutations

You have razor-sharp teeth.
Your natural rate of healing is unusually fast.
When hurt, damage is shared between your health and your magic reserves.
Your bite disrupts and absorbs the magic of your enemies.
Potions cannot restore your health.


Message History

Aim: a four-headed hydra (chance to affect: 33%)
The four-headed hydra looks drowsy...
You hear an angry hiss. x3
The helpless four-headed hydra fails to defend itself.
You stick the four-headed hydra like a pincushion!!!
The four-headed hydra looks as sick as possible!
You bite the four-headed hydra! You drain its power.
You feel invigorated.
The four-headed hydra is severely wounded.
The four-headed hydra bites you but does no damage.
The four-headed hydra completely misses you.
The four-headed hydra barely misses you.
The four-headed hydra bites you.
You feel very mighty all of a sudden. The four-headed hydra bites you.
The four-headed hydra closely misses you. x3
You fade into invisibility!
The four-headed hydra bites you! x2
The four-headed hydra bites you but does no damage.
The four-headed hydra bites you.
You hit the four-headed hydra.
The four-headed hydra is almost dead.
The centaur warrior wields a +0 shortbow.
The centaur warrior shoots an arrow.
The arrow hits the four-headed hydra!!
The four-headed hydra dies!
Your Fighting skill increases to level 2!
Your Spellcasting skill increases to level 9!
You have reached level 11!
Casting: Ensorcelled Hibernation (safe; 1% risk of failure)
Confirm with . or Enter, or press ? or * to list all spells.
Aiming: Tukima's Dance (safe; 1% risk of failure)
Press: ? - help, Shift-Dir - straight line, f - centaur warrior
Aim: a centaur warrior, wielding a +0 shortbow (unable to see you, chance to affect: 57%)
Okay, then.
Casting: Tukima's Dance (safe; 1% risk of failure)
Confirm with . or Enter, or press ? or * to list all spells.
Your hands begin to glow red.
The centaur warrior shoots an arrow.
The arrow hits you!
* * * LOW HITPOINT WARNING * * *
The centaur warrior shoots an arrow.
The arrow hits you!
You die...

▒▒∙∙8∙8∙8∙∙▒▒∙▒∙∙∙▒▒▒ ▒▒∙∙∙
▒▒8∙∙∙∙∙∙∙8▒▒∙▒▒∙∙∙∙▒ ▒∙▒∙
▒▒▒∙∙~∙~∙∙▒▒∙∙∙▒∙∙▒∙▒ ▒∙▒▒ ▒
▒8∙∙8∙∙8▒▒∙▒∙▒▒∙▒∙▒ ▒∙∙▒ ▒
▒▒∙∙~∙∙▒▒∙∙▒∙∙▒∙)∙▒▒ ▒▒∙∙▒ ▒▒
▒8∙∙∙8▒▒▒▒▒▒∙▒▒∙∙∙▒▒ ▒▒▒∙∙∙∙
∙▒▒▒▒∙∙∙▒▒∙∙▒∙∙∙∙▒∙∙∙∙▒
▒▒▒∙∙▒▒▒▒
▒∙▒▒▒8∙8▒▒∙∙∙∙▒▒▒▒▒∙▒∙▒▒▒∙∙▒▒▒
▒ ▒▒∙▒▒▒∙▒▒∙∙▒▒▒▒∙fc▒∙∙∙∙∙∙▒▒▒
▒▒∙▒▒∙▒▒∙∙∙∙∙∙∙▒∙▒▒∙∙∙▒▒▒
▒▒∙▒▒∙▒▒∙▒▒▒▒▒▒▒▒▒∙▒∙∙▒▒
▒∙▒▒∙▒▒∙∙▒[▒ ∙▒∙∙▒
∙∙▒▒∙▒▒∙∙▒∙▒∙▒∙∙ ∙▒▒∙▒▒
∙▒▒▒▒∙▒▒∙▒∙▒∙▒∙▒ ∙▒▒∙∙▒ ∙▒
▒∙▒▒∙▒∙▒∙▒∙ ∙▒▒▒∙▒▒ ▒▒
▒▒∙▒▒∙∙▒∙∙▒ ∙▒ ▒∙∙▒ ▒
▒∙▒▒∙∙▒∙∙ \c ▒▒∙▒▒


You could see a centaur warrior (unable to see you).

Vanquished Creatures
  Pikel (D:7)
  Joseph (D:8)
  Maggie (D:7)
  A troll (shapeshifter) (D:8)
  A hornet (D:8)
  2 wyverns (D:8)
  Grum (D:8)
  4 yaks (D:8)
  2 steam dragons
  A water moccasin (D:8)
  2 ice beasts
  2 sky beasts
  A black bear (D:5)
  4 ogres
  An orc warrior (D:8)
  5 centaurs
  2 wolves (D:8)
  2 lemures (D:7)
  3 kobold brigands
  A bullfrog (D:8)
  3 scorpions
  5 wights (D:8)
  7 killer bees
  An electric eel (D:8)
  6 howler monkeys
  A bombardier beetle (D:5)
  5 orc priests
  A jelly (D:6)
  4 hounds
  2 sleepcaps
  A gnoll bouda (D:6)
  3 iguanas
  2 orc wizards
  6 gnolls
  6 adders
  A white imp (D:7)
  3 ufetubi
  A ribbon worm (D:3)
  A dart slug (D:3)
  15 orcs
  9 endoplasms
  5 giant cockroaches
  5 goblins
  5 hobgoblins
  10 kobolds
  5 quokkas
  6 ball pythons
  5 bats
  4 frilled lizards
  3 rats
169 creatures vanquished.

Vanquished Creatures (collateral kills)
  A bullfrog (D:7)
  A wight (D:8)
  An orc priest (D:7)
  2 gnolls (D:6)
  A kobold (D:8)
6 creatures vanquished.

Vanquished Creatures (others)
  A hydra (D:8)
  2 dancing weapons (D:7)
3 creatures vanquished.

Grand Total: 178 creatures vanquished

Notes
Turn   | Place    | Note
-------+----------+-------------------------------------------
     0 | D:1      | Zeor the Vine Stalker Enchanter began the quest for the
                  | Orb.
     0 | D:1      | Reached XP level 1. HP: 9/9 MP: 4/4
   192 | D:1      | Reached XP level 2. HP: 13/13 MP: 6/6
   359 | D:1      | Learned a level 2 spell: Ensorcelled Hibernation
   550 | D:1      | Reached skill level 1 in Short Blades
  1139 | D:2      | Reached XP level 3. HP: 16/16 MP: 7/7
  1683 | D:2      | Found a faded altar of an unknown god.
  2108 | D:3      | Learned a level 3 spell: Tukima's Dance
  2265 | D:3      | Found a sparkling altar of Nemelex Xobeh.
  2416 | D:3      | Found a glowing golden altar of the Shining One.
  2732 | D:3      | Reached XP level 4. HP: 21/21 MP: 8/8
  2873 | D:3      | Learned a level 3 spell: Confusing Touch
  3171 | D:4      | Found Jygh's Firing Range.
  3232 | D:4      | Noticed an ogre
  3246 | D:4      | Killed an ogre
  3247 | D:4      | Reached skill level 1 in Ice Magic
  3247 | D:4      | Reached XP level 5. HP: 24/24 MP: 7/10
  3565 | D:4      | Found Oppaupp's Jewellery Shop.
  3575 | D:4      | Reached skill level 5 in Stealth
  3575 | D:4      | Reached XP level 6. HP: 25/28 MP: 6/11
  4116 | D:5      | Entered Level 5 of the Dungeon
  4122 | D:5      | Reached skill level 1 in Armour
  4137 | D:5      | Reached skill level 5 in Hexes
  4241 | D:5      | Reached XP level 7. HP: 32/32 MP: 10/13
  4576 | D:5      | Found Enuddaddeck's Weapon Shop.
  4579 | D:5      | Bought a +2 dagger of draining for 156 gold pieces
  4865 | D:5      | Gained mutation: You have razor-sharp teeth. [Vine Stalker
                  | growth]
  4865 | D:5      | Reached XP level 8. HP: 37/37 MP: 14/16
  5016 | D:6      | Noticed imdaedric's ghost (novice FeBe)
  5016 | D:6      | Found a runed translucent gate.
  5016 | D:6      | Found a runed translucent gate.
  5016 | D:6      | Found a runed translucent gate.
  5120 | D:6      | Reached skill level 5 in Spellcasting
  5197 | D:6      | Found an iron altar of Okawaru.
  5248 | D:6      | Identified the +1 robe of Action {rPois Stlth+}
  5334 | D:6      | Found a shadowy altar of Dithmenos.
  5365 | D:6      | Identified the ring "Geefru Bara" {rF++ Will- Str+7 Int+6}
  5718 | D:6      | Identified the +7 trident of the Reaper {speed, Int+4}
  5781 | D:7      | Found a staircase to the Ecumenical Temple.
  5789 | D:7      | Noticed Maggie
  5802 | D:7      | Killed Maggie
  5803 | D:7      | Reached XP level 9. HP: 39/40 MP: 7/19
  5908 | D:7      | Noticed Pikel
  5917 | D:7      | Killed Pikel
  6015 | Temple   | Entered the Ecumenical Temple
  6022 | Temple   | Became a worshipper of the Wu Jian Council
  6234 | D:7      | Learned a level 3 spell: Dazzling Flash
  6653 | D:7      | Reached skill level 1 in Shields
  6834 | D:8      | Found a stormy altar of Qazlal.
  6910 | D:8      | Reached * piety under Wu Jian
  6917 | D:8      | Reached XP level 10. HP: 39/44 MP: 11/22
  6925 | D:8      | Reached skill level 1 in Fighting
  7046 | D:8      | Found an ancient bone altar of Kikubaaqudgha.
  7432 | D:8      | Noticed Joseph
  7441 | D:8      | Killed Joseph
  7528 | D:8      | Found a sacrificial altar of Ru.
  8161 | D:8      | Noticed Grum
  8166 | D:8      | Killed Grum
  8185 | D:8      | Reached ** piety under Wu Jian
  8268 | D:8      | Identified the +1 leather armour of Kewomuf {Str+3}
  8304 | D:8      | Noticed a centaur warrior
  8308 | D:8      | Noticed a salamander
  8310 | D:8      | a salamander changed into a troll
  8315 | D:8      | Noticed a four-headed hydra
  8321 | D:8      | Killed a four-headed hydra
  8322 | D:8      | Reached XP level 11. HP: 16/50 MP: 6/25
  8323 | D:8      | Shot with an arrow by a centaur warrior

Illustrated notes

Levels and vault maps discovered:
D:1:      heliophobic_arrival_battle_scene, layout_basic, serial_forest,
          infiniplex_forest_lined_1, infiniplex_forest_straight_2,
          infiniplex_forest_clump_long, infiniplex_forest_clump_double,
          infiniplex_forest_clump_small, infiniplex_forest_lined_room_3,
          infiniplex_forest_3_way
D:2:      layout_basic, hellmonk_ecumenical_altar_lost_god,
          kennysheep_generic_room_10
D:3:      layout_loops_cross, mainiacjoe_overflow_boulevard,
          nemelex_spade_bored_becter
D:4:      layout_loops_ring, serial_shops, shop, nicolae_shop_firing_range
D:5:      layout_cave_pools, serial_shops, nicolae_shop_behind_doors
D:6:      layout_rooms, lemuel_crystal_altar, kennysheep_okawaru_gauntlet,
          biasface_ghost_orc_armoury
D:7:      nzn_winding_woodlands_small [nzn_winding_woodlands_5x15_longhouse,
          nzn_winding_woodlands_center_garden,
          nzn_winding_woodlands_5x15_concentric], layout_basic, temple_pool_b,
          uniq_pikel, uniq_maggie
D:8:      minmay_the_grid_triangle_9x9_rhombus_full
          [minmay_the_grid_triangle_9x9_steps,
          minmay_the_grid_triangle_9x9_longest,
          minmay_the_grid_triangle_9x9_dagger,
          minmay_the_grid_triangle_9x9_minimal,
          minmay_the_grid_triangle_9x9_shrine,
          minmay_the_grid_triangle_9x9_corrupted_corridor,
          minmay_the_grid_triangle_9x9_wacky_v,
          minmay_the_grid_triangle_9x9_prize_center], layout_cave_pods,
          nicolae_qazlal_style_of_elements, nicolae_overflow_crystal_walls,
          nicolae_ru_awakened_eye, amcnicky_mini_pool_medium, uniq_joseph,
          uniq_grum
Temple:   nicolae_temple_superstar

Skill      XL: |  1  2  3  4  5  6  7  8  9 10 |
---------------+-------------------------------+-----
Stealth        | 4 5 6 7 9 |  9.5
Short Blades   | 1 2 3 4 |  4.0
Spellcasting   | 3 4 6 7 9 |  9.0
Hexes          | 4 5 6 8 9 |  9.6
Ice Magic      | 1 2 3 4 |  4.2
Armour         | 1 2 |  2.5
Dodging        | 2 3 |  3.0
Shields        | 1 2 |  2.2
Fighting       | 2 |  2.0
Throwing       | |  0.7
Conjurations   | |  0.3

Action                     |  1- 3 |  4- 6 |  7- 9 | 10-12 || total
---------------------------+-------+-------+-------+-------++-------
  Melee: Dagger            |    92 |    47 |   161 |    58 ||   358
         Bite              |    18 |    13 |    44 |    23 ||    98
         Punch             |     1 |     2 |     1 |       ||     4
         Short sword       |       |       |       |    47 ||    47
  Throw: Dart              |       |     3 |     6 |     1 ||    10
   Cast: Ensorcelled Hiber |    23 |    31 |    61 |    29 ||   144
         Confusing Touch   |       |       |    11 |     6 ||    17
         Tukima's Dance    |       |       |     7 |    11 ||    18
         Dazzling Flash    |       |       |     3 |     5 ||     8
Ability: Lunge             |       |       |     6 |    12 ||    18
         Whirlwind         |       |       |       |     2 ||     2
    Use: Scroll            |     8 |     3 |     5 |     2 ||    18
         Potion            |       |       |       |     2 ||     2
   Stab: Sleeping          |    25 |    19 |    40 |    20 ||   104
         Confused          |       |       |     5 |     4 ||     9
         Invisible         |       |       |     2 |     3 ||     5
 Armour: Robe              |    24 |       |       |       ||    24
         Leather armour    |    21 |    32 |    97 |    73 ||   223
  Dodge: Dodged            |    57 |    31 |   125 |    57 ||   270
  Block: Other             |       |       |    33 |    17 ||    50
         Reflection        |       |       |     2 |     1 ||     3
